 Dungeon Crawl Stone Soup version 0.28-a0-925-gd5e1996cdb (webtiles) character file.

Game seed: 13388234927814922135

193 vineage the Skirmisher (level 5, -6/37 HPs)
             Began as a Gargoyle Fighter on Nov 26, 2021.
             Mangled by an ogre (17 damage)
             ... on level 4 of the Dungeon.
             The game lasted 00:04:01 (3656 turns).

vineage the Skirmisher (Gargoyle Fighter)           Turns: 3656, Time: 00:04:02

Health: -6/37      AC: 12    Str: 20    XL:     5   Next: 72%
Magic:  5/5        EV:  7    Int:  8    God:
Gold:   1069       SH:  8    Dex: 10    Spells: 4/4 levels left

rFire   . . .      SeeInvis +   j - +0 whip (elec)
rCold   . . .      Faith    .   e - +0 kite shield
rNeg    + . .      Spirit   .   b - +0 scale mail
rPois   ∞          Reflect  .   (no helmet)
rElec   +          Harm     .   (no cloak)
rCorr   .          Rampage  .   (no gloves)
Will    .....                   g - +0 pair of boots
Stlth   ..........              (no amulet)
HPRegen 0.12/turn               i - ring of see invisible
MPRegen 0.09/turn               (no ring)

@: no status effects
A: sickness immunity, AC +4, negative energy resistance 1, electricity
resistance, torment resistance 1, petrification resistance
a: no special abilities


You were on level 4 of the Dungeon.
You visited 1 branch of the dungeon, and saw 4 of its levels.

You collected 1641 gold pieces.
You spent 572 gold pieces at shops.

Inventory:

Hand Weapons
 a - a +0 flail
 j - a +0 whip of electrocution (weapon)
Armour
 b - a +0 scale mail (worn)
 e - a +0 kite shield (worn)
 g - a +0 pair of boots (worn)
Jewellery
 i - a ring of see invisible (left hand)
Scrolls
 f - a scroll of enchant weapon
 o - a scroll of identify
Potions
 c - a potion of resistance {unknown}
 d - a potion of might
 h - 2 potions of curing
 k - 2 potions of cancellation {unknown}
 l - a potion of attraction
 m - a potion of invisibility {unknown}
 n - a potion of flight {unknown}


   Skills:
 + Level 6.8 Fighting
 - Level 2.0 Maces & Flails
 - Level 3.2 Armour
 - Level 3.2 Shields


You had 4 spell levels left.
You didn't know any spells.
Your spell library contained the following spells:

 Spells                   Type           Power      Damage    Failure   Level
 Sandblast                Erth           0%         2d4       99%         1
 Slow                     Hex            0%         N/A       99%         1
 Passwall                 Tmut/Erth      0%         N/A       100%        2
 Static Discharge         Conj/Air       0%         N/A       100%        2
 Confusing Touch          Hex            0%         N/A       100%        3
 Stone Arrow              Conj/Erth      0%         3d7       100%        3
 Lightning Bolt           Conj/Air       0%         1d11      100%        5
 Yara's Violent Unravell  Hex/Tmut       0%         3d3       100%        5
 Maxwell's Capacitive Co  Air            0%         ∞         100%        8


Dungeon Overview and Level Annotations

Branches:
Dungeon (4/15)
 Temple: D:4-7

Altars:
Ru

Shops:
D:2 *?


Innate Abilities, Weirdness & Mutations

You are immune to sickness and miasma.
Your stone body is resilient. (AC +4)
You are immune to poison.
You resist negative energy. (rN+)
You are resistant to electric shocks. (rElec)
You are resistant to unholy torment.
You are immune to petrification.


Message History

No target in view!
No target in view!
No target in view!
No target in view!
No target in view!
No target in view!
No target in view!
No target in view!
There is an open door here.
As you open the door, it creaks loudly!
There is an open door here.
Found a stone staircase leading down.
You open the door.
There is an open door here.
You see here a jackal corpse.
There is an open door here.
Done exploring.
Done exploring.
No target in view!
(D) Dungeon
Where to? (Enter - D:3, ? - help)
There is an open door here.
You see here a jackal corpse.
There is a stone staircase leading down here.
You climb downwards.
The hound barks!
The ogre shouts!
Found four items.
Found a stone staircase leading down.
There is a stone staircase leading up here.
There are monsters nearby!
There are monsters nearby!
You climb upwards.
There is a stone staircase leading down here.
You climb downwards.
The hound bites you.
The ogre hits you with a +0 giant spiked club!!
Ouch! That really hurt!
* * * LOW HITPOINT WARNING * * *
There is a stone staircase leading up here.
The hound bites you but does no damage. x2
The ogre hits you with a +0 giant spiked club!
You die...

#...>...#
#.......#
.......
####.?...#
........##
#.......#
#?.hO...#
#...@...#
##!...(##
#....##
#.#### #.
#. #


You could see an ogre and a hound.

Vanquished Creatures
  Jessica (D:3)
  An iguana (D:3)
  A gnoll (D:1)
  5 adders
  2 worms (D:2)
  4 dart slugs
  An orc (D:3)
  5 ball pythons
  7 bats
  7 endoplasms
  7 goblins
  4 hobgoblins
  6 jackals
  6 kobolds
  3 quokkas (D:1)
  4 frilled lizards
  8 rats
72 creatures vanquished.

Notes
Turn   | Place    | Note
-------+----------+-------------------------------------------
     0 | D:1      | vineage the Gargoyle Fighter began the quest for the Orb.
     0 | D:1      | Reached XP level 1. HP: 14/14 MP: 1/1
    56 | D:1      | Reached skill level 4 in Fighting
    56 | D:1      | Reached XP level 2. HP: 4/20 MP: 2/2
   392 | D:1      | Reached XP level 3. HP: 24/24 MP: 3/3
   841 | D:1      | Reached skill level 5 in Fighting
  1092 | D:2      | Found Decherafao's Assorted Antiques.
  1220 | D:2      | Reached XP level 4. HP: 31/31 MP: 4/4
  1699 | D:2      | Found Senachac's Magic Scroll Emporium.
  1846 | D:2      | Found a faded altar of an unknown god.
  2081 | D:2      | Identified a scroll of acquirement
  2081 | D:2      | Acquired 848 gold pieces
  2329 | D:2      | Bought a scroll of acquirement for 572 gold pieces
  2330 | D:2      | Acquired 665 gold pieces
  2599 | D:3      | Reached skill level 6 in Fighting
  2600 | D:3      | Reached XP level 5. HP: 18/36 MP: 5/5
  2917 | D:3      | Noticed Jessica
  2949 | D:3      | Killed Jessica
  3500 | D:3      | Found a sacrificial altar of Ru.
  3651 | D:4      | Noticed an ogre
  3656 | D:4      | Mangled by an ogre

Illustrated notes

Levels and vault maps discovered:
D:1:      nzn_arrival_settlement, layout_basic
D:2:      layout_loops_corners, serial_shops,
          nicolae_shop_temple_entry_statues_fountains, shop_statue,
          hellmonk_ecumenical_altar_zigzags, minmay_tromino_v4_a
D:3:      layout_basic, nicolae_ru_awakened_eye, uniq_jessica
D:4:      layout_rooms, uniq_pikel

Skill      XL: |  1  2  3  4 |
---------------+-------------+-----
Fighting       | 4 5 6 |  6.8
Maces & Flails | |  2.0
Armour         | |  3.2
Shields        | |  3.2

Action                   |  1- 3 |  4- 6 || total
-------------------------+-------+-------++-------
Melee: Flail             |    71 |    86 ||   157
       Whip              |       |    70 ||    70
  Use: Scroll            |     2 |     5 ||     7
Armor: Scale mail        |    49 |   103 ||   152
Dodge: Dodged            |    43 |    38 ||    81
Block: Buckler           |    15 |       ||    15
       Kite shield       |       |    68 ||    68

Table legend: (Time is in decaauts)
 A = Elapsed time spent in this place.
 B = Non-inter-level travel time spent in this place.
 C = Inter-level travel time spent in this place.
 D = Time resting spent in this place.
 E = Time spent auto-exploring this place.
 F = Levels seen in this place.
 G = Mean time per level.
                   A        B        C        D        E       F      G
               +--------+--------+--------+--------+--------+-----+--------+
         Total |   3740 |   3338 |    402 |      0 |   2754 |   4 |  935.0 |
       Dungeon |   3740 |   3338 |    402 |      0 |   2754 |   4 |  935.0 |
               +--------+--------+--------+--------+--------+-----+--------+

Top non-repeatable levels by time:
     D:3: 1323 daAuts
     D:2: 1321 daAuts
     D:1: 1092 daAuts
     D:4: 3 daAuts
